Map: Oblivion Express

Players

raincamp

  • Race: Zerg Zerg
  • Spawn Location: 12:00

raincamp

  • Race: Terran Terran
  • Spawn Location: 0:00

VOD

Have the link to the VOD?

Description

Time

  • Played on: Aug. 15, 2017, 4:40 p.m.
  • Length: 25:10
Show
View Real Time Build Order
Export as new Build Order

raincamp Zerg 

Build Orders:  

Get SALT Encoding   

  6  0:10  Drone x2  
  7  0:20  Drone x2  
  7  0:29  Drone x2  
  9  0:43  Drone x2, Extractor  
  9  0:45  Extractor  
  9  0:52  Drone x2  
  10  1:21  Spawning Pool  
  10  1:22  Drone x2  
  10  1:33  Overlord  
  10  1:42  Drone x2  
  11  1:57  Baneling Nest, Swarmling x3  
  12  2:00  Swarmling x3  
  14  2:19  Drone x2  
  15  2:20  Drone x2  
  15  2:25  Drone x2  
  17  2:41  Lair  
  19  3:15  Hatchery  
  19  3:19  Overlord  
  18  3:22  Drone x2  
  21  3:42  Corrosive Acid  
  21  3:45  Drone x2  
  21  3:47  Drone x2  
  25  4:03  Evolution Chamber  
  25  4:07  Drone x2  
  25  4:08  Drone x2  
  27  4:26  Drone x4  
  31  4:36  Queen, Extractor  
  31  4:37  Extractor  
  32  4:45  Heroic Fortitude  
  32  4:50  Drone x2  
  32  4:56  Drone x2  
  36  5:10  Overlord  
  36  5:11  Overlord  
  36  5:36  Centrifical Hooks  
  38  5:41  Drone x6  
  38  5:44  Drone x2  
  44  6:20  Medusa Blades  
  44  6:21  Hive  
  46  6:54  Evolution Chamber, Drone x2  
  46  6:57  Hatchery  
  46  6:59  Scourge Nest  
  45  7:01  Artillery Ducts  
  49  7:54  Overlord x3  
  49  7:55  Overlord  
  49  7:57  Aberration  
  49  7:58  Aberration  
  55  8:01  Rapid Bombardment  
  55  8:02  Simplified Genome  
  55  8:05  Zerg Melee Weapons Level 1  
  55  8:06  Zerg Ground Armor Level 1  
  57  8:15  Overlord x2  
  57  8:33  Aberration x2  
  65  9:02  Virulent Spores  
  67  9:13  Aberration x4  
  67  9:16  Drone x4  
  81  9:31  Adrenal Overload  
  83  9:51  Aberration x3  
  94  10:11  Spine Crawler x2  
  94  10:15  Spine Crawler  
  94  10:18  Spore Crawler  
  92  10:30  Drone x4  
  92  10:31  Shredding Claws  
  96  10:45  Protective Cover  
  96  10:57  Roach x12  
  96  10:58  Roach x8  
  96  11:08  Drone x4, Spine Crawler  
  100  11:11  Spine Crawler  
  99  11:21  Spine Crawler  
  99  11:23  Bile Launcher  
  97  12:01  Metabolic Boost  
  97  12:06  Drone x6  
  96  12:15  Spine Crawler x2  
  96  12:16  Bile Launcher  
  96  12:17  Bile Launcher  
  96  12:19  Drone x6  
  97  12:20  Drone x4  
  97  13:01  Hardened Carapace  
  99  13:10  Bile Launcher  
  97  14:01  Hatchery  
  97  14:08  Hatchery  
  95  14:10  Spine Crawler  
  95  14:15  Roach x14  
  95  14:16  Roach x6, Bile Launcher x2  
  95  14:18  Bile Launcher  
  92  14:20  Bile Launcher  
  92  14:27  Bile Launcher  
  90  14:31  Aberration x3  
  90  14:34  Aberration  
  66  14:57  Drone x8  
  60  15:23  Aberration x5  
  60  15:24  Aberration  
  71  15:34  Aberration x2  
  76  15:48  Bile Launcher  
  76  15:50  Bile Launcher  
  76  15:56  Spine Crawler  
  76  15:57  Spine Crawler  
  76  15:58  Spine Crawler  
  76  15:59  Spine Crawler  
  73  16:01  Spine Crawler  
  73  16:02  Drone x8  
  79  16:18  Drone x6  
  82  16:20  Aberration x3  
  84  16:40  Aberration x3  
  64  17:21  Roach x2  
  64  17:22  Roach x12, Spine Crawler  
  64  17:23  Roach x6  
  64  17:24  Spore Crawler  
  64  17:27  Spine Crawler  
  64  17:28  Spore Crawler, Bile Launcher  
  64  17:29  Aberration, Bile Launcher  
  63  17:30  Spine Crawler  
  63  17:36  Bile Launcher  
  64  17:40  Spine Crawler  
  64  17:44  Spine Crawler  
  45  18:23  Rupture  
  45  18:26  Aberration  
  45  18:27  Aberration x4  
  57  18:34  Aberration  
  61  18:43  Zerg Melee Weapons Level 2  
  58  18:53  Zerg Ground Armor Level 2  
  60  19:35  Spine Crawler x2  
  59  19:43  Scourge x4  
  59  19:44  Aberration, Scourge x8  
  59  19:45  Aberration x3  
  58  19:58  Aberration  
  61  20:41  Roach x10, Swarmling x12  
  61  20:42  Roach x10, Swarmling x6  
  61  20:43  Swarmling x18  
  61  20:44  Swarmling x6  
  70  21:04  Swarmling x9  
  66  21:25  Swarmling x3  
  66  21:26  Swarmling x9  
  66  21:27  Swarmling x24  
  66  21:28  Swarmling x24  
  66  21:29  Swarmling x18  
  93  21:56  Spine Crawler  
  93  21:58  Spine Crawler  
  86  22:00  Spine Crawler x2  
  86  22:03  Spine Crawler  
  76  22:41  Swarmling x3  
  76  22:42  Swarmling x12  
  76  22:43  Swarmling x27  
  76  22:44  Swarmling x15  
  94  22:55  Swarmling x6  
  94  22:56  Swarmling x9  
  96  23:36  Swarmling x3  
  96  23:37  Swarmling x3  
  99  23:46  Roach x8  
  99  23:47  Roach x12  
  45  24:21  Swarmling x3  
  45  24:22  Swarmling x15  
  45  24:23  Swarmling x24  
  45  24:24  Swarmling x24  
  45  24:25  Swarmling x24  
Show
View Real Time Build Order
Export as new Build Order

raincamp Terran 

Build Orders:  

Get SALT Encoding   

  11  1:03  Supply Depot  
Tags
 
Add a new tag
Caveats
  • Supply blocks, unpowered buildings, or Contaminate may cause inaccurate times.
  • Supply counts are checked every 10 seconds.